 Dungeon Crawl Stone Soup version 0.22-a0-192-g6ffc940 (webtiles) character file.

57103 Amnesiac the Geomancer (level 14, -8/98 HPs)
             Began as a Mummy Earth Elementalist on Feb 16, 2018.
             Was a High Priest of Ashenzari.
             Hit by a large rock thrown by a cyclops (20 damage)
             ... on level 15 of the Dungeon.
             The game lasted 00:55:59 (25159 turns).

Amnesiac the Geomancer (Mummy Earth Elementalist)  Turns: 25159, Time: 00:56:00

Health: -8/98      AC: 10    Str: 11    XL:     14   Next: 44%
Magic:  0/29       EV: 16    Int: 25    God:    Ashenzari [*****.]
Gold:   1009       SH:  0    Dex: 12    Spells: 2/36 levels left

rFire    . . .     SeeInvis +   m - +0 short sword (curse)
rCold    . . .     Gourm    .   (no shield)
rNeg     + + +     Faith    .   s - +2 robe {Archmagi} (curse)
rPois    ∞         Spirit   +   h - +2 helmet (curse)
rElec    .         Reflect  .   j - +0 cloak (curse)
rCorr    .         Harm     .   f - +0 pair of gloves (curse)
MR       +....     Clarity  +   w - +0 pair of boots (curse)
Stlth    +++++.....             n - amulet of guardian spirit (curse)
HPRegen  0.26/turn              p - ring of fire (curse)
MPRegen  0.21/turn              x - +5 ring of intelligence

@: about to teleport
A: no food or potions, fire vulnerability, cold resistance 1, negative energy
resistance 3, torment resistance, unbreathing, in touch with death 1
a: Curse Item, Scrying, Transfer Knowledge, Renounce Religion


You were on level 15 of the Dungeon.
You worshipped Ashenzari.
Ashenzari was extremely pleased with you.
You were not hungry.

You visited 2 branches of the dungeon, and saw 16 of its levels.
You also visited: Labyrinth and Ice Cave.

You collected 1319 gold pieces.
You spent 310 gold pieces at shops.

Inventory:

Hand Weapons
 m - a cursed +0 short sword (weapon)
 z - a +0 blowgun
 A - a +4 dagger of chaos
Missiles
 d - 118 stones (quivered)
 k - a throwing net
 l - 90 poisoned needles
 I - 3 needles of confusion
Armour
 f - a cursed +0 pair of gloves (worn)
 h - a cursed +2 helmet (worn)
 i - a scarf of resistance
 j - a cursed +0 cloak (worn)
 s - a cursed +2 robe of the Archmagi (worn)
 w - a cursed +0 pair of boots (worn)
 C - the +2 robe "Kigan" {rC- Str+10}
   (You found it in a labyrinth)

   It affects your strength (+10).
   It makes you vulnerable to cold.
 D - the cursed +0 robe of the Peasants {rC+ rN++}
   (You found it in a labyrinth)

   It protects you from cold.
   It greatly protects you from negative energy.
   It has a curse placed upon it.
Jewellery
 g - an uncursed ring of protection from cold
 n - a cursed amulet of guardian spirit (around neck)
 p - a cursed ring of fire (left hand)
 u - a +3 ring of evasion
 x - a +5 ring of intelligence (right hand)
Wands
 q - a wand of random effects (39)
 t - a wand of iceblast (33)
 E - a wand of flame (57)
 J - a wand of clouds (5)
 K - a wand of scattershot (4)
Scrolls
 a - 3 scrolls of fear {!r}
 b - 6 scrolls of enchant weapon {!r}
 c - 3 scrolls of magic mapping {!r}
 e - 2 scrolls of enchant armour {!r}
 o - 5 scrolls of remove curse {!r}
 r - 2 scrolls of teleportation {!r}
 v - 4 scrolls of amnesia {!r}
 y - a scroll of blinking {!r}
 F - 2 scrolls of fog {!r}
 G - 2 scrolls of identify {!r}
Books
 B - a book of Clouds

   Spells                             Type                      Level
   a - Poisonous Vapours              Poison/Air                   2
   b - Mephitic Cloud                 Conjuration/Poison/Air       3
   c - Conjure Flame                  Conjuration/Fire             3
   d - Freezing Cloud                 Conjuration/Ice/Air          6
   e - Ring of Flames                 Charms/Fire                  7
 H - a book of Cantrips

   Spells                             Type                      Level
   a - Confusing Touch                Hexes                        1
   b - Animate Skeleton               Necromancy                   1
   c - Summon Small Mammal            Summoning                    1
   d - Apportation                    Translocation                1


   Skills:
 + Level 5.3 Fighting
 - Level 8.0(12.0) Short Blades
 + Level 4.4(8.3) Dodging
 - Level 8.0(12.0) Stealth
 - Level 11.5 Spellcasting
 - Level 11.5(13.9) Transmutations
 - Level 11.5(13.9) Earth Magic


You had 2 spell levels left.
You knew the following spells:

 Your Spells              Type           Power        Failure   Level  Hunger
a - Stone Arrow           Conj/Erth      ######       1%          3    N/A
b - Passwall              Tmut/Erth      #######...   1%          2    N/A
c - Sandblast             Erth           ######       0%          1    N/A
d - Lee's Rapid Deconstr  Erth           #######...   1%          5    N/A
e - Petrify               Tmut/Erth      #######.     1%          4    N/A
f - Animate Skeleton      Necr           N/A          3%          1    N/A
g - Call Imp              Summ           ###.....     5%          2    N/A
h - Alistair's Intoxicat  Tmut/Pois      ######..     6%          5    N/A
i - Yara's Violent Unrav  Hex/Tmut       ######....   6%          5    N/A
q - Confuse               Hex            ###.....     11%         3    N/A
w - Tukima's Dance        Hex            ###.....     11%         3    N/A

Dungeon Overview and Level Annotations

Branches:
Dungeon (15/15)            Temple (1/1) D:5            Lair (0/6) D:9
    Orc (0/2) D:10         Vaults (0/5) D:14
 Depths: D:15

Altars:
Ashenzari
Cheibriados
Dithmenos
Elyvilon
Fedhas
Gozag
Hepliaklqana
Kikubaaqudgha
Makhleb
Nemelex Xobeh
Okawaru
Qazlal
Ru
Sif Muna
Trog
Uskayaw
Vehumet
Wu Jian
Xom
Yredelemnul
Zin
The Shining One
Beogh

Shops:
D:4 =   D:5 %}   D:6 *   D:8 [   D:10 *   D:12 [   D:14 ?}


Innate Abilities, Weirdness & Mutations

You do not eat or drink.
Your flesh is vulnerable to fire.
You are immune to poison.
Your flesh is cold resistant. (rC+)
You are immune to negative energy. (rN+++)
You are immune to unholy pain and torment.
You can survive without breathing.
You are in touch with the powers of death.


Message History

The centaur warrior skeleton hits you.
The centaur warrior skeleton completely misses you.
Found a forked silver wand and a ration.
Found 4 tomahawks.
You see here a scroll of remove curse {!r}.
o - 5 scrolls of remove curse {!r} (gained 1)
The centaur warrior skeleton hits you.
A fire crab comes into view.
The centaur warrior skeleton hits you but does no damage.
You see here a wand of clouds (5).
J - a wand of clouds (5)
The centaur warrior skeleton misses you.
The fire dragon bites you! The fire dragon closely misses you.
The fire dragon tramples you but does no damage.
You see here a wand of scattershot (4).
Evoke which item? (* to show all) (? for menu, Esc to quit)
Aiming: Cloud Cone
Press: ? - help, Dir - move target cursor, f - centaur warrior skeleton
Aim: a centaur warrior skeleton
Okay, then.
K - a wand of scattershot (4)
The centaur warrior skeleton hits you. The fire dragon closely misses you.
The fire dragon claws you but does no damage.
The fire dragon tramples you but does no damage.
The centaur warrior skeleton misses you.
The fire dragon breathes flames at you. The blast of flame hits you!
* * * LOW HITPOINT WARNING * * *
You see here 4 tomahawks.
Really read
r - 4 scrolls of teleportation {!r}?
As you read the scroll of teleportation {!r}, it crumbles to dust.
You feel strangely unstable.
The centaur warrior skeleton misses you.
The centaur warrior skeleton barely misses you.
Found 20 gold pieces.
The fire crab breathes flames at you. The blast of flame engulfs you!
The centaur warrior skeleton barely misses you.
Found 23 stones.
A gargoyle comes into view. It is wielding a flail.
You are engulfed in blazing flames.
* * * LOW HITPOINT WARNING * * *
Your surroundings suddenly seem different.
You start resting.
The vampire mosquito is too close now for your liking.
Okay, then.
Casting: Stone Arrow (safe; 1% risk of failure)
Confirm with . or Enter, or press ? or * to list all spells.
You don't have enough magic to cast that spell.
Unknown command.
Unknown command.
You hear a grinding noise.
An orc warrior comes into view. It is wielding a scimitar.
You hear a grinding noise.
Found 25 stones.
A cyclops comes into view.
Really read
r - 3 scrolls of teleportation {!r}?
As you read the scroll of teleportation {!r}, it crumbles to dust.
You feel strangely unstable.
The cyclops shouts!
The orc warrior shouts!
The vampire mosquito buzzes angrily.
The vampire mosquito closely misses you.
The cyclops throws a large rock.
The large rock hits you!!
You die...

..#.....)##?$[. ,##+#'##*,
{* { .#+#.#.#.#( c).
#.#.#.# { ,*
..#,..#..#......+#(.†(.#*,,
{ * .#+#.#.#.#...
..#..u##)##
..#......#{c.#,#'#.#{#..#,
,,,
####.#.#.#Q...#*#..##..##,*
* ,* #
##+#+##,#'#'###Q(...# ,, .≈
* *, *###.#.####.### , , **
.≈ *{ ,,#.....@# ### * ,, *
.≈* ,* #C#.#o#y# ,, , , , ,
, *,, ,,, ..#..#* ** *, , *
,*'#.#.#.#* ** ,,,,,, * ≈
,,,, ,#......#*, ,, ** * ,*
*########* , * , * , , ** *
* * * ** ,* * *, * ,, , ,,
, ,,, ,* , , ,* *, , ,,, ,
, , ,,, * * *


You could see a centaur warrior, a cyclops, an orc warrior and a vampire
mosquito.

Vanquished Creatures
  A frost giant (IceCv)
  A stone giant (D:15)
  A minotaur (Lab)
  A fire dragon (D:15)
  A great orb of eyes (D:15)
  A hydra (D:14)
  A rakshasa (D:14)
  4 centaur warriors
  A catoblepas (D:14)
  An ice dragon (D:15)
  Erica (D:8)
  An ogre mage (D:14)
  10 two-headed ogres
  4 death yaks (D:8)
  A queen ant (D:7)
  Urug (D:14)
  Nergalle (D:10)
  3 unseen horrors
  2 wizards (D:15)
  A necromancer (D:15)
  5 ugly things
  2 orc knights
  A wolf spider zombie (D:15)
  A wolf spider (D:15)
  3 cyclopes
  2 deep elf magi (D:15)
  2 manticores
  An elephant (shapeshifter) (D:15)
  An ice statue (IceCv)
  Psyche (D:10)
  A redback zombie (D:15)
  3 yaktaurs (D:14)
  4 trolls
  3 meliai (D:14)
  A tengu conjurer (D:15)
  15 polar bears (IceCv)
  A hornet (shapeshifter) (D:14)
  Prince Ribbit (D:5)
  A hornet (D:14)
  2 slime creatures (D:15)
  2 hippogriffs
  Sigmund (D:2)
  A shadow (D:14)
  A redback (D:15)
  A wraith (D:15)
  2 wyverns
  Grum (D:8)
  31 yaks
  3 hogs (D:7)
  A human (D:7)
  Menkaure (D:4)
  6 vampire mosquitoes (D:15)
  7 soldier ants (D:8)
  A water moccasin (D:13)
  An acid dragon (D:15)
  Duvessa (D:4)
  2 ice beasts
  A hornet zombie (D:14)
  8 orc warriors
  6 sky beasts
  A sky beast (shapeshifter) (D:15)
  2 necrophages
  5 ogres
  2 phantoms
  An eye of draining (D:14)
  16 wolves
  16 centaurs
  A big kobold (D:10)
  Blork the orc (D:4)
  9 bullfrogs
  A gnoll sergeant (D:8)
  Dowan (D:4)
  10 killer bees
  A water moccasin skeleton (D:8)
  2 scorpions
  7 wights
  An electric eel (D:12)
  A howler monkey (D:9)
  4 centaur zombies
  7 crimson imps
  9 hounds
  2 jellies
  8 orc priests
  An iron imp (D:8)
  3 bullfrog skeletons
  8 centaur skeletons
  24 worker ants
  2 iguanas
  9 orc wizards
  A killer bee zombie (D:4)
  3 hound skeletons
  6 gnolls
  A howler monkey skeleton (D:6)
  11 adders
  4 shadow imps
  12 white imps (D:11)
  4 oozes
  An adder zombie (D:9)
  4 worms
  3 dart slugs (D:1)
  2 leopard geckos
  55 orcs
  2 bats
  2 giant cockroaches
  6 hobgoblins
  6 jackals
  3 quokkas
  7 ball pythons
  6 frilled lizards
  A giant cockroach zombie (D:6)
  15 goblins
  2 goblin skeletons (D:8)
  2 goblin zombies (D:8)
  2 hobgoblin zombies (D:8)
  12 kobolds
  A leopard gecko skeleton (D:5)
  2 leopard gecko zombies (D:6)
  2 orc skeletons (D:8)
  6 rats
506 creatures vanquished.

Vanquished Creatures (collateral kills)
  A wight (D:11)
1 creature vanquished.

Vanquished Creatures (others)
  2 polar bears (IceCv)
  A yak (IceCv)
  A wolf (IceCv)
  Robin (D:2)
5 creatures vanquished.

Grand Total: 512 creatures vanquished

Notes
Turn   | Place    | Note
-------+----------+-------------------------------------------
     0 | D:1      | Amnesiac the Mummy Earth Elementalist began the quest for the Orb.
     0 | D:1      | Reached XP level 1. HP: 13/13 MP: 4/4
   124 | D:2      | Noticed Robin
   124 | D:2      | Reached XP level 2. HP: 18/19 MP: 0/5
   362 | D:2      | Killed Robin
   605 | D:2      | Reached XP level 3. HP: 22/24 MP: 7/7
   828 | D:2      | Noticed Sigmund
   842 | D:2      | Killed Sigmund
   842 | D:2      | Reached XP level 4. HP: 7/30 MP: 1/10
   842 | D:2      | Reached XP level 5. HP: 8/35 MP: 1/12
  1347 | D:3      | Learned a level 2 spell: Passwall
  1353 | D:4      | Found Yddoi's Jewellery Boutique.
  1367 | D:3      | Learned a level 3 spell: Stone Arrow
  1517 | D:3      | Reached XP level 6. HP: 41/41 MP: 3/13
  1524 | D:3      | Reached skill level 5 in Spellcasting
  1524 | D:3      | Reached skill level 5 in Earth Magic
  1672 | D:3      | You fall through a shaft for 2 floors!
  1672 | D:5      | Entered Level 5 of the Dungeon
  1672 | D:5      | Found a staircase to the Ecumenical Temple.
  1709 | Temple   | Entered the Ecumenical Temple
  1714 | Temple   | Became a worshipper of Ashenzari the Shackled
  1881 | D:5      | Found Buucobrir's Gadget Shoppe.
  2020 | D:4      | Found a shadowy altar of Dithmenos.
  2066 | D:4      | Noticed Menkaure
  2076 | D:4      | Killed Menkaure
  2076 | D:4      | Reached XP level 7. HP: 46/46 MP: 1/15
  2960 | D:2      | Found a blossoming altar of Fedhas.
  3515 | D:4      | Noticed Blork the orc
  3526 | D:4      | Killed Blork the orc
  3650 | D:4      | Noticed Dowan
  3651 | D:4      | Noticed Duvessa
  3666 | D:4      | Killed Duvessa
  3744 | D:4      | Killed Dowan
  3744 | D:4      | Reached XP level 8. HP: 50/52 MP: 10/18
  3751 | D:4      | Learned a level 5 spell: Lee's Rapid Deconstruction
  3756 | D:4      | Learned a level 4 spell: Petrify
  4115 | D:5      | Found a sacrificial altar of Ru.
  4246 | D:5      | Found Zasem's Food Shoppe.
  4284 | D:5      | Found a hide-covered altar of Uskayaw.
  4389 | D:5      | Noticed Prince Ribbit
  4397 | D:5      | Killed Prince Ribbit
  4747 | D:6      | Reached * piety under Ashenzari
  4783 | D:6      | Found Ymaa's General Store.
  4788 | D:6      | Bought a scroll of identify for 20 gold pieces
  4795 | D:6      | Bought a scroll of identify for 20 gold pieces
  4795 | D:6      | Bought a scroll of identify for 20 gold pieces
  5029 | D:6      | Found a snail-covered altar of Cheibriados.
  5068 | D:6      | Found an iron altar of Okawaru.
  5359 | D:7      | Reached XP level 9. HP: 57/57 MP: 11/21
  5378 | D:7      | Found a stormy altar of Qazlal.
  5624 | D:7      | Reached ** piety under Ashenzari
  5943 | D:4      | Bought an uncursed ring of fire for 250 gold pieces
  6043 | D:8      | Noticed Erica
  6048 | D:8      | Killed Erica
  6116 | D:8      | Reached skill level 10 in Spellcasting
  6116 | D:8      | Reached skill level 10 in Earth Magic
  6139 | D:8      | Reached skill level 1 in Short Blades
  6180 | D:8      | Found a glowing golden altar of the Shining One.
  6181 | D:8      | Noticed Grum
  6197 | D:8      | Reached XP level 10. HP: 56/63 MP: 10/24
  6205 | D:8      | Killed Grum
  6735 | D:8      | Noticed a queen ant
  7090 | D:7      | Killed a queen ant
  7215 | D:8      | Learned a level 1 spell: Animate Skeleton
  7222 | D:8      | Found Cihui's Antique Armour Shoppe.
  7360 | D:8      | Reached skill level 5 in Stealth
  7842 | D:9      | Noticed a two-headed ogre
  7845 | D:9      | Killed a two-headed ogre
  7968 | D:9      | Noticed a death yak
  7969 | D:9      | Noticed a death yak
  7969 | D:9      | Noticed a death yak
  8339 | D:8      | Found a glowing golden altar of the Shining One.
  8584 | D:8      | Found Cihui's Antique Armour Shoppe.
  9583 | D:8      | Killed a death yak
  9583 | D:8      | Reached XP level 11. HP: 68/68 MP: 3/25
  9884 | D:9      | Found a staircase to the Lair.
  9908 | D:9      | Noticed a death yak
 10714 | D:8      | Killed a death yak
 10881 | D:8      | Killed a death yak
 10881 | D:8      | Reached skill level 5 in Short Blades
 10982 | D:9      | Noticed a death yak
 11080 | D:9      | Noticed a death yak
 11237 | D:8      | Killed a death yak
 11728 | D:9      | Reached *** piety under Ashenzari
 11754 | D:9      | Noticed a two-headed ogre
 11760 | D:9      | Killed a two-headed ogre
 11849 | D:10     | Entered Level 10 of the Dungeon
 11889 | D:10     | Noticed Psyche
 11900 | D:10     | Killed Psyche
 11953 | D:10     | Noticed Nergalle
 11963 | D:10     | Killed Nergalle
 12036 | D:10     | Found Keugywk's Serpentskin Sales.
 12108 | D:10     | Noticed an unseen horror
 12111 | D:10     | Killed an unseen horror
 12174 | D:10     | Noticed an orc knight
 12187 | D:10     | Reached skill level 1 in Fighting
 12524 | D:10     | Found a roughly hewn altar of Beogh.
 12524 | D:10     | Found a staircase to the Orcish Mines.
 12538 | D:10     | Killed an orc knight
 12600 | D:10     | Noticed a two-headed ogre
 12647 | D:10     | Killed a two-headed ogre
 12837 | D:10     | Reached XP level 12. HP: 80/80 MP: 9/26
 13033 | D:11     | Found a frozen archway.
 13153 | IceCv    | Entered an ice cave
 13243 | IceCv    | Learned a level 2 spell: Call Imp
 13861 | IceCv    | HP: 4/81 [something (20)]
 15850 | IceCv    | Noticed a frost giant
 15864 | IceCv    | Killed a frost giant
 15864 | IceCv    | Reached skill level 5 in Fighting
 16068 | IceCv    | Identified the Disquisition on Shifting Battle Magic
 16112 | D:11     | Reached **** piety under Ashenzari
 16473 | D:11     | Learned a level 5 spell: Alistair's Intoxication
 16479 | D:11     | Learned a level 5 spell: Yara's Violent Unravelling
 16483 | D:11     | Learned a level 3 spell: Confuse
 16487 | D:11     | Learned a level 3 spell: Tukima's Dance
 16570 | D:11     | Reached skill level 1 in Transmutations
 17319 | D:12     | Reached ***** piety under Ashenzari
 17557 | D:12     | Found Joaruyruity's Armour Shop.
 17998 | D:12     | Noticed a two-headed ogre
 18005 | D:12     | Killed a two-headed ogre
 18005 | D:12     | Gained mutation: You are in touch with the powers of death. [Mummy growth]
 18005 | D:12     | Reached XP level 13. HP: 91/91 MP: 24/28
 19045 | D:14     | Found a labyrinth entrance.
 19052 | D:14     | Reached skill level 5 in Transmutations
 19065 | D:14     | Noticed Urug
 19089 | Lab      | Entered a labyrinth
 20912 | Lab      | Noticed a minotaur
 20939 | Lab      | Killed a minotaur
 20948 | Lab      | Identified the +2 robe "Kigan" {rC- Str+10}
 20948 | Lab      | Identified the cursed +0 robe of the Peasants {rC+ rN++}
 21208 | D:14     | Found Loisuso's Magic Scroll Boutique.
 21318 | D:14     | Killed Urug
 22717 | D:14     | Found a gate to the Vaults.
 22838 | D:14     | Found Fidwos's Gadget Emporium.
 22884 | D:15     | Entered Level 15 of the Dungeon
 23283 | D:15     | Paralysed by a great orb of eyes for 5 turns
 23295 | D:15     | Paralysed by a great orb of eyes for 7 turns
 23910 | D:15     | Reached XP level 14. HP: 78/98 MP: 17/29
 24039 | D:15     | Reached skill level 10 in Transmutations
 24125 | D:15     | Found a blossoming altar of Fedhas.
 24384 | D:15     | Noticed a tengu reaver
 24582 | D:15     | Noticed a stone giant
 24895 | D:15     | Killed a stone giant
 25159 | D:15     | Hit by a large rock thrown by a cyclops

Vault maps used:
D:1:      dpeg_arrival_ternary, corexii_item_surrounded_by_moat
D:2:      fedhas_altar_1, uniq_robin, uniq_sigmund
D:4:      overflow_temple_1_default, serial_shops, shop, first_ration,
          uniq_duvessa, uniq_menkaure, uniq_blork_the_orc
D:5:      nicolae_ru_great_annihilating_truth, kennysheep_mini,
          minmay_temple_entry_from_below_b, serial_shops, shop, shop,
          uniq_prince_ribbit1
D:6:      cheibriados_altar_1, marbit_many_paths, serial_shops,
          nicolae_shop_trees, st_stairs_9
D:7:      kennysheep_mini_moat, grunt_livestock
D:8:      nicolae_tso_besieged_by_evil, serial_shops, nicolae_shop_trees,
          minmay_another_anthill, uniq_erica, uniq_grum
D:9:      dpeg_lair_monsters
D:10:     david_orc_5, guppyfry_shop_venom, uniq_psyche, uniq_nergalle
D:11:     portal_ice_cave_entry_imps
D:12:     serial_shops, shop
D:13:     grunt_ministairs_12, serial_bayou_pond_e
D:14:     hangedman_vaults_entry_quadrant_bands, serial_shops,
          nicolae_shop_stone, shop_statue, lab_entry_generic, st_stairs_12,
          uniq_urug
D:15:     hangedman_slaughterboxes
Temple:   minmay_freezing_vapour_temple
Lab:      labyrinth_watery
IceCv:    ice_cave_caverns_02

Skill      XL: |  1  2  3  4  5  6  7  8  9 10 11 12 13 14 |
---------------+-------------------------------------------+-----
Spellcasting   | 3 4 5 6 8 10 11 | 11.5
Earth Magic    | 3 4 5 6 8 10 11 | 11.5
Short Blades   | 2 4 8 |  8.0
Stealth        | 7 8 |  8.0
Fighting       | 2 5 |  5.3
Dodging        | 2 4 |  4.4
Transmutations | 3 9 11 | 11.5

Action                   |  1- 3 |  4- 6 |  7- 9 | 10-12 | 13-15 || total
-------------------------+-------+-------+-------+-------+-------++-------
Melee: Dagger            |     1 |    86 |     6 |       |       ||    93
       Unarmed           |     1 |       |       |       |       ||     1
       Short sword       |       |       |   134 |   470 |   173 ||   777
 Fire: Hunting sling     |    22 |     4 |       |       |       ||    26
Throw: Throwing net      |       |     1 |       |       |       ||     1
 Cast: Sandblast         |    34 |    11 |   113 |   280 |    13 ||   451
       Stone Arrow       |       |    18 |     6 |    21 |    33 ||    78
       Passwall          |       |     1 |       |    26 |     9 ||    36
       Lee's Rapid Decon |       |       |     5 |    25 |   127 ||   157
       Petrify           |       |       |       |   122 |    61 ||   183
       Tukima's Dance    |       |       |       |     2 |       ||     2
       Call Imp          |       |       |       |       |     2 ||     2
Invok: Curse Item        |       |       |     4 |     1 |       ||     5
  Use: Scroll            |       |       |    13 |     4 |     4 ||    21
 Stab: Sleeping          |       |     3 |     4 |    17 |    15 ||    39
       Held in net/web   |       |     1 |       |       |       ||     1
       Distracted        |       |       |     1 |     1 |     1 ||     3
       Petrified         |       |       |       |    81 |    57 ||   138
       Petrifying        |       |       |       |    28 |    20 ||    48
Armor: Robe              |     3 |       |    43 |   127 |    46 ||   219
       Animal skin       |     4 |    29 |    26 |       |       ||    59
Dodge: Dodged            |    28 |    62 |   119 |   271 |   111 ||   591

Table legend:
 A = Spawn XP
 B = Non-spawn XP
 C = Spawn XP percentage of total XP
 D = Spawn monster count
 E = Non-spawn monster count
 F = Spawn count percentage of total count
 G = Total turns spent on level
                    A         B        C        D         E        F      G
               +---------+---------+-------+---------+---------+-------+---------
         Total |       0 |   81577 |   0.0 |       0 |     508 |   0.0 | 25159
               +---------+---------+-------+---------+---------+-------+---------
           D:1 |       0 |      46 |   0.0 |       0 |      18 |   0.0 |   869
           D:2 |       0 |     332 |   0.0 |       0 |      23 |   0.0 |  1222
           D:3 |       0 |     124 |   0.0 |       0 |      18 |   0.0 |   901
           D:4 |       0 |     729 |   0.0 |       0 |      18 |   0.0 |   784
           D:5 |       0 |     701 |   0.0 |       0 |      15 |   0.0 |   607
           D:6 |       0 |     769 |   0.0 |       0 |      25 |   0.0 |  1357
           D:7 |       0 |    2154 |   0.0 |       0 |      17 |   0.0 |   681
           D:8 |       0 |    7495 |   0.0 |       0 |      64 |   0.0 |  4285
           D:9 |       0 |    3762 |   0.0 |       0 |      38 |   0.0 |  1360
          D:10 |       0 |    6437 |   0.0 |       0 |      58 |   0.0 |   936
          D:11 |       0 |    2640 |   0.0 |       0 |      34 |   0.0 |  1306
          D:12 |       0 |    2180 |   0.0 |       0 |      18 |   0.0 |   795
          D:13 |       0 |    3398 |   0.0 |       0 |      22 |   0.0 |  1579
          D:14 |       0 |   15940 |   0.0 |       0 |      47 |   0.0 |  1994
          D:15 |       0 |   22391 |   0.0 |       0 |      44 |   0.0 |  1659
           Lab |       0 |    1223 |   0.0 |       0 |       1 |   0.0 |  1863
         IceCv |       0 |   11256 |   0.0 |       0 |      48 |   0.0 |  2950
               +---------+---------+-------+---------+---------+-------+---------
